 Dungeon Crawl Stone Soup version 0.23.2-1-ga50397a (webtiles) character file.

Game seed: 3542871093066567338

2615 teukkam the Cudgeler (level 9, 0/75 HPs)
             Began as a Minotaur Fighter on Apr 15, 2019.
             Was a Priest of Jiyva.
             Killed by the air
             ... invoked by a wind drake
             ... created by the adversity of Qazlal
              (13 damage)
             ... on level 8 of the Dungeon.
             The game lasted 00:27:01 (7625 turns).

teukkam the Cudgeler (Minotaur Fighter)             Turns: 7625, Time: 00:27:02

Health: 0/75       AC:  9    Str: 23    XL:     9   Next: 34%
Magic:  11/11      EV:  8    Int:  6    God:    Jiyva [***...]
Gold:   399        SH: 10    Dex: 10    Spells: 8/8 levels left

rFire    + + +     SeeInvis .   a - +4 dagger "Xoiff" {venom, +Rage rElec rF+++ rC-}
rCold    x . .     Gourm    .   d - +0 shield
rNeg     + . .     Faith    .   g - +3 ring mail {rN+}
rPois    .         Spirit   .   (helmet unavailable)
rElec    +         Reflect  .   (no cloak)
rCorr    +         Harm     .   (no gloves)
MR       .....                  (no boots)
Stlth    ..........             (no amulet)
HPRegen  0.22/turn              u - ring of resist corrosion
MPRegen  0.12/turn              (no ring)

@: flying
A: retaliatory headbutt, horns 3
a: Request Jelly, Renounce Religion, Evoke Berserk Rage


You were on level 8 of the Dungeon.
You worshipped Jiyva.
Jiyva was most pleased with you.
You were not hungry.

You visited 2 branches of the dungeon, and saw 9 of its levels.
You also visited: Sewer.

You collected 399 gold pieces.

Inventory:

Hand Weapons
 a - the +4 dagger "Xoiff" (weapon) {venom, +Rage rElec rF+++ rC-}
   (You found it on level 6 of the Dungeon)

   It poisons the flesh of those it strikes.
   It renders you almost immune to fire.
   It makes you vulnerable to cold.
   It insulates you from electricity.
   It lets you go berserk.
 b - a +1 hunting sling
 c - a +1 flail of protection
 e - a +3 dagger
 j - a +0 war axe
 m - a +0 trident of flaming
 t - a +1 whip of venom
 x - a +0 hand crossbow
 y - a +1 hand axe of flaming
 E - the +0 rapier of Ascent {venom, *Noise rElec rN+++ MR-}
   (You found it on level 4 of the Dungeon)

   It poisons the flesh of those it strikes.
   It insulates you from electricity.
   It renders you almost immune to negative energy.
   It affects your resistance to hostile enchantments.
   It may make noises in combat.
 F - a +0 blowgun
Missiles
 n - 86 stones (quivered)
 C - 25 sling bullets
 G - 3 poisoned needles
Armour
 d - a +0 shield (worn)
 g - a +3 ring mail of positive energy (worn)
Jewellery
 u - a ring of resist corrosion (left hand)
 B - an uncursed ring of fire
Wands
 A - a wand of flame (28)
 H - a wand of acid (2)
Scrolls
 h - 9 scrolls of remove curse
 p - a scroll of blinking
 v - 3 scrolls of identify
 w - a scroll of immolation
 D - a scroll of teleportation
Potions
 i - 2 potions of lignification
 l - 3 potions of flight
 q - 2 potions of brilliance {unknown}
 r - 4 potions of curing {unknown}
 s - 2 potions of haste {unknown}
 z - a potion of ambrosia {unknown}
 I - a potion of degeneration {unknown}
Comestibles
 f - 8 rations


   Skills:
 - Level 6.1 Fighting
 + Level 3.9 Short Blades
 - Level 4.8(6.5) Axes
 - Level 6.7(7.4) Maces & Flails
 - Level 3.9 Slings
 - Level 6.1 Armour
 - Level 6.2 Shields
   Level 4.2 Invocations
 + Level 3.1 Evocations


You had 8 spell levels left.
You didn't know any spells.
Your spell library was empty.

Dungeon Overview and Level Annotations

Branches:
Dungeon (8/15)             Temple (1/1) D:6
   Lair: D:8-11

Altars:
Cheibriados
Dithmenos
Elyvilon
Fedhas
Gozag
Hepliaklqana
Kikubaaqudgha
Makhleb
Nemelex Xobeh
Okawaru
Ru
Sif Muna
Trog
Uskayaw
Vehumet
Wu Jian
Xom
Yredelemnul
Zin
The Shining One
Jiyva

Shops:
D:4 ?!

Annotations:
D:7 1 runed translucent door, Tiareth's ghost, novice DEWz


Innate Abilities, Weirdness & Mutations

You reflexively headbutt those who attack you in melee.
You have a pair of large horns on your head.


Message History

Unknown command.
It was a potion of flight.
You feel very buoyant.
You fly up into the air.
The wind drake bites you. The lindwurm bites you!
The lindwurm claws you but does no damage.
The lindwurm misses you.
The wind drake exhales a fierce blast of wind!
The wind drake bites you. The wind drake closely misses you.
The lindwurm breathes flames at you. The blast of flame hits you. You resist.
The wind drake flaps its wings at you.
The air twists around and violently strikes you in flight!
The wind drake flaps its wings at you.
The air twists around and violently strikes you in flight!
* * * LOW HITPOINT WARNING * * *
There is a stone staircase leading up here.
The wind drake flaps its wings at you.
The air twists around and violently strikes you in flight!
You die...

###...##...#.# ...# .#
.#..#....#...###..+ ##.#
..................# ....
.#.####.####.####.# ..#
...##.....##......###+###..#
.#.#.......#...............#
...#.......#.....##........#
......._.........#......#..#
...#.......#...#@.......# #
...#.......#...#.#####+## .#
##.##.....##...#.k.k.#+###.#
#.####.####...####........#
#.............+...........###
##.......#....###....(.......
#.......##...# #..........#
#.......##...###..........##
#........'.................#


You could see a wind drake.

Vanquished Creatures
  Edmund (D:5)
  A water moccasin (D:5)
  Purgy (Sewer)
  An orc warrior (D:7)
  2 ice beasts
  A sky beast (D:6)
  4 ogres
  2 phantoms
  A big kobold (D:7)
  3 bullfrogs
  2 scorpions (D:6)
  5 wights (D:6)
  A howler monkey (D:5)
  2 crimson imps (D:5)
  A quasit (D:5)
  2 hounds
  5 orc priests
  4 orc wizards
  5 worker ants
  4 gnolls (D:5)
  8 adders
  2 river rats (D:3)
  2 shadow imps (D:5)
  2 oozes (D:1)
  An adder skeleton (D:6)
  An adder zombie (D:3)
  4 dart slugs
  4 worms
  7 leopard geckos
  17 orcs
  7 ball pythons
  8 bats
  8 giant cockroaches
  8 goblins
  5 hobgoblins
  A quokka (D:7)
  6 frilled lizards
  14 kobolds
  A leopard gecko skeleton (D:5)
  10 rats
164 creatures vanquished.

Vanquished Creatures (others)
  An ogre (D:7)
  A centaur (D:7)
  A bullfrog zombie (D:7)
  3 jellies (D:7)
  2 leopard geckos
  An orc (D:7)
  A hobgoblin (D:3)
  A frilled lizard (D:1)
  A rat (D:3)
12 creatures vanquished.

Grand Total: 176 creatures vanquished

Notes
Turn   | Place    | Note
-------+----------+-------------------------------------------
     0 | D:1      | teukkam the Minotaur Fighter began the quest for the Orb.
     0 | D:1      | Reached XP level 1. HP: 19/19 MP: 0/0
    40 | D:1      | Reached XP level 2. HP: 27/27 MP: 1/1
   195 | D:1      | Reached XP level 3. HP: 28/33 MP: 2/2
   430 | D:2      | Reached XP level 4. HP: 28/40 MP: 3/3
   605 | D:2      | Found a blossoming altar of Fedhas.
   696 | D:2      | Reached skill level 1 in Slings
   731 | D:2      | Found a basalt altar of Yredelemnul.
   767 | D:2      | Found a hide-covered altar of Uskayaw.
   887 | D:3      | Found a white marble altar of Elyvilon.
   887 | D:3      | Found an ornate altar of the Wu Jian Council.
   926 | D:3      | Found a glowing drain.
   941 | D:3      | Reached XP level 5. HP: 24/47 MP: 4/4
   986 | Sewer    | Entered a sewer
  1158 | Sewer    | Noticed Purgy
  1169 | Sewer    | Killed Purgy
  1431 | D:4      | Noticed an ogre
  1438 | D:4      | Killed an ogre
  1438 | D:4      | Reached skill level 5 in Fighting
  1438 | D:4      | Reached skill level 5 in Armour
  1438 | D:4      | Reached skill level 5 in Shields
  1438 | D:4      | Reached XP level 6. HP: 56/56 MP: 5/5
  1555 | D:5      | Entered Level 5 of the Dungeon
  1619 | D:5      | Noticed Edmund
  1619 | D:5      | Noticed an ice beast
  1625 | D:5      | Killed an ice beast
  1642 | D:5      | Killed Edmund
  1642 | D:5      | Reached XP level 7. HP: 42/61 MP: 6/6
  1939 | D:5      | Found a sparkling altar of Nemelex Xobeh.
  1942 | D:5      | Became a worshipper of Nemelex Xobeh the Trickster
  2037 | D:5      | Reached skill level 1 in Maces & Flails
  2136 | D:5      | Received a gift from Nemelex Xobeh
  2571 | D:5      | Reached XP level 8. HP: 70/70 MP: 7/7
  2642 | D:5      | Reached skill level 1 in Invocations
  3193 | D:6      | Reached skill level 5 in Maces & Flails
  3453 | D:6      | Found a staircase to the Ecumenical Temple.
  3465 | Temple   | Entered the Ecumenical Temple
  3521 | Temple   | Fell from the grace of Nemelex Xobeh
  3521 | Temple   | Became a worshipper of Jiyva Jababeih the Shapeless
  3778 | D:3      | Found a shimmering altar of Xom.
  3831 | D:2      | Found a snail-covered altar of Cheibriados.
  3831 | D:2      | Found a glowing silver altar of Zin.
  4634 | D:2      | Reached * piety under Jiyva
  5099 | D:3      | Found a burning altar of Makhleb.
  5245 | D:4      | Got a steaming rapier
  5249 | D:4      | Identified the cursed +0 rapier of Ascent {venom, *Noise
                  | rElec rN+++ MR-} (You found it on level 4 of the Dungeon)
  5269 | D:4      | Found Oduugradd's Distillery.
  5271 | D:4      | Found an iron altar of Okawaru.
  5607 | D:4      | Found Asul's Magic Scroll Shop.
  6015 | D:6      | Got a bloodstained dagger
  6016 | D:6      | Identified the +4 dagger "Xoiff" {venom, +Rage rElec rF+++
                  | rC-} (You found it on level 6 of the Dungeon)
  6219 | D:7      | Reached skill level 1 in Short Blades
  6219 | D:7      | Reached XP level 9. HP: 64/75 MP: 11/11
  6349 | D:7      | Reached skill level 1 in Evocations
  6589 | D:7      | Reached ** piety under Jiyva
  6744 | D:7      | Reached *** piety under Jiyva
  6760 | D:7      | Gained mutation: You have a pair of large horns on your
                  | head. [Jiyva's grace]
  6767 | D:7      | Found a runed translucent door.
  6767 | D:7      | Noticed Tiareth's ghost (novice DEWz)
  7513 | D:8      | Found a shadowy altar of Dithmenos.
  7614 | D:8      | Noticed a wind drake
  7614 | D:8      | Noticed a lindwurm
  7625 | D:8      | Killed from afar by a wind drake

Skill      XL: |  1  2  3  4  5  6  7  8  9 |
---------------+----------------------------+-----
Fighting       | 4 5 6 |  6.1
Armour         | 4 5 6 |  6.1
Shields        | 4 5 6 |  6.2
Axes           | 3 4 |  4.8
Slings         | 1 2 3 |  3.9
Maces & Flails | 2 6 |  6.7
Invocations    | 4 |  4.2
Short Blades   | 1 3 |  3.9
Evocations     | 3 |  3.1

Action                   |  1- 3 |  4- 6 |  7- 9 || total
-------------------------+-------+-------+-------++-------
Melee: War axe           |     9 |       |       ||     9
       Headbutt          |     8 |    20 |    50 ||    78
       Hand axe          |    52 |   107 |   246 ||   405
       Flail             |       |       |     9 ||     9
       Dagger            |       |       |    89 ||    89
       Rapier            |       |       |     2 ||     2
 Fire: Hunting sling     |       |     1 |    40 ||    41
 Abil: Draw Destruction  |       |       |     2 ||     2
Evoke: Wand              |       |       |     1 ||     1
  Use: Scroll            |       |     6 |     5 ||    11
       Potion            |       |     2 |     5 ||     7
  Eat: Chunk             |       |     2 |    12 ||    14
       Ration            |       |       |     3 ||     3
Armor: Scale mail        |    20 |    53 |       ||    73
       Ring mail         |       |       |   138 ||   138
Dodge: Dodged            |    22 |    31 |   100 ||   153
Block: Shield            |    25 |    61 |   168 ||   254
